 Dungeon Crawl Stone Soup version 0.25-a0-62-g88673ef095 (webtiles) character file.

Game seed: 4009647066411520945, levelgen mode: deterministic

265 D1HalberdGnoll the Sneak (level 5, 0/38 HPs)
             Began as a Vampire Enchanter on Oct 31, 2019.
             Slain by an ogre (15 damage)
             ... on level 4 of the Dungeon.
             The game lasted 00:06:14 (3333 turns).

D1HalberdGnoll the Sneak (Vampire Enchanter)        Turns: 3333, Time: 00:06:15

Health: 0/38       AC:  4    Str:  8    XL:     5   Next: 99%
Magic:  0/8        EV: 14    Int: 18    God:
Gold:   181        SH:  0    Dex: 14    Spells: 2/8 levels left

rFire    + . .     SeeInvis +   a - +2 dagger
rCold    . . .     Gourm    .   (no shield)
rNeg     . . .     Faith    .   r - +2 robe {rF+}
rPois    .         Spirit   .   (no helmet)
rElec    .         Reflect  .   (no cloak)
rCorr    .         Harm     .   (no gloves)
MR       .....                  (no boots)
Stlth    ++++......             (no amulet)
HPRegen  0.32/turn              (no ring)
MPRegen  0.11/turn              (no ring)

@: regenerating quickly
A: no food, fangs 3, see invisible, unbreathing
a: Exsanguinate


You were on level 4 of the Dungeon.
You were alive.

You visited 1 branch of the dungeon, and saw 4 of its levels.

You collected 181 gold pieces.

Inventory:

Hand Weapons
 a - a +2 dagger (weapon)
Missiles
 l - 5 poisoned darts (quivered)
Armour
 r - a +2 robe of fire resistance (worn)
Wands
 m - a wand of acid (6)
 q - a wand of random effects (16)
Scrolls
 b - a scroll of fog {unknown}
 d - 2 scrolls of identify
 e - a scroll of teleportation
 f - a scroll of enchant weapon
 g - a scroll of random uselessness {unknown}
 h - 3 scrolls of remove curse
 j - a scroll of immolation {unknown}
 n - a scroll of amnesia {unknown}
 t - a scroll of enchant armour {unknown}
 u - a scroll of magic mapping {unknown}
Potions
 c - 2 potions of curing {unknown}
 i - 2 potions of degeneration {unknown}
 k - a potion of might {unknown}
 o - a potion of agility {unknown}
 p - 2 potions of flight
 s - a potion of lignification {unknown}
 v - a potion of mutation {unknown}


   Skills:
 + Level 2.1 Fighting
 + Level 3.0 Short Blades
 + Level 3.6 Dodging
 * Level 7.4 Stealth
 - Level 2.0 Spellcasting
 - Level 4.4 Hexes


You had 2 spell levels left.
You knew the following spells:

 Your Spells              Type           Power        Failure   Level  Hunger
a - Corona                Hex            ###....      3%          1    N/A
b - Ensorcelled Hibernat  Hex/Ice        #.....       11%         2    N/A
c - Tukima's Dance        Hex            ###.....     9%          3    N/A

Your spell library contained the following spells:

 Spells                   Type           Power        Failure   Level  Hunger
 Confuse                  Hex            ###.....     9%          3    N/A
 Dazzling Spray           Conj/Hex       #.....       22%         3    N/A

Dungeon Overview and Level Annotations

Branches:
Dungeon (4/15)
 Temple: D:4-7

Altars:
Elyvilon
Hepliaklqana


Innate Abilities, Weirdness & Mutations

You do not eat.
Your natural rate of healing is unusually fast.
You have razor-sharp teeth.
You have supernaturally acute eyesight. (SInv)
You can survive without breathing.


Message History

You hit the ogre but do no damage.
The ogre is lightly wounded.
You hit the ogre.
The ogre is lightly wounded.
The ogre misses you.
You hit the ogre.
The ogre is moderately wounded.
The ogre hits you.
You hit the ogre but do no damage. You bite the ogre.
The ogre is moderately wounded.
The ogre hits you!
* * * LOW HITPOINT WARNING * * *
Your +0 giant club hits the ogre!
Casting: Tukima's Dance (safe; 9% risk of failure)
Confirm with . or Enter, or press ? or * to list all spells.
Aiming: Ensorcelled Hibernation (safe; 11% risk of failure)
Press: ? - help, Shift-Dir - straight line, f/p - ogre
Aim: an ogre (severely wounded, chance to defeat MR: 40%)
The ogre resists with some effort.
The ogre hits you!
You die...

#.##.......#...###
.#.......#####...#
#.####.#...#...#.# ###
#.###.#.###.# #.#
#...# #.# ##+#######
#.# ##...## #.#### #
##.....## #....#
###.......## #@##.#
##.........#
#O.......#
.+.........+
..(....##.#
##.........####.......
.# ###....<..##
#..##.##..# ##.....##
#.## .# . ##...## #. #
##+## #.


You could see an ogre and a friendly +0 giant club.

Vanquished Creatures
  A scorpion (D:3)
  A howler monkey (D:4)
  Jessica (D:3)
  A worker ant zombie (D:4)
  3 adders
  An ooze (D:4)
  3 worms
  A dart slug (D:1)
  2 leopard geckos
  An orc (D:3)
  3 giant cockroaches
  6 goblins
  7 hobgoblins
  5 kobolds
  A quokka (D:2)
  A ball python (D:4)
  7 bats
  4 frilled lizards
  5 rats
54 creatures vanquished.

Vanquished Creatures (collateral kills)
  An ogre (D:4)
1 creature vanquished.

Grand Total: 55 creatures vanquished

Notes
Turn   | Place    | Note
-------+----------+-------------------------------------------
     0 | D:1      | D1HalberdGnoll the Vampire Enchanter began the quest for
                  | the Orb.
     0 | D:1      | Reached XP level 1. HP: 13/13 MP: 3/3
   187 | D:1      | Reached XP level 2. HP: 20/20 MP: 5/5
   256 | D:1      | Reached skill level 5 in Stealth
  1065 | D:2      | Found a hazy altar of Hepliaklqana.
  1099 | D:2      | Reached XP level 3. HP: 22/25 MP: 6/6
  1172 | D:2      | Found a white marble altar of Elyvilon.
  1236 | D:2      | Reached skill level 1 in Fighting
  2211 | D:3      | Noticed Jessica
  2225 | D:3      | Killed Jessica
  2225 | D:3      | Reached skill level 6 in Stealth
  2225 | D:3      | Reached XP level 4. HP: 12/32 MP: 7/7
  2427 | D:3      | Learned a level 2 spell: Ensorcelled Hibernation
  2431 | D:3      | Learned a level 3 spell: Tukima's Dance
  2535 | D:3      | Reached XP level 5. HP: 38/38 MP: 5/8
  3039 | D:4      | Noticed an ogre
  3055 | D:4      | Reached skill level 7 in Stealth
  3070 | D:4      | Killed an ogre
  3324 | D:4      | Noticed an ogre
  3333 | D:4      | Slain by an ogre

Levels and vault maps discovered:
D:1:      noname_arrival_rooms_in_the_neighbourhood, layout_basic
D:2:      layout_basic, old_standard_altar, first_ration, elyvilon_altar_5
D:3:      layout_basic, dk_vineyard_3, uniq_jessica
D:4:      layout_loops_corners, bloody_makhleb

Skill      XL: |  1  2  3  4  5 |
---------------+----------------+-----
Stealth        | 5 6 7 |  7.4
Fighting       | 1 2 |  2.1
Short Blades   | 2 3 |  3.0
Dodging        | 3 |  3.6
Spellcasting   | |  2.0
Hexes          | |  4.4

Action                   |  1- 3 |  4- 6 || total
-------------------------+-------+-------++-------
Melee: Dagger            |   204 |    70 ||   274
       Bite              |    13 |     6 ||    19
Throw: Dart              |    18 |     1 ||    19
 Cast: Ensorcelled Hiber |       |     6 ||     6
       Tukima's Dance    |       |     3 ||     3
  Use: Scroll            |       |     4 ||     4
 Stab: Sleeping          |     7 |     7 ||    14
Armor: Robe              |    22 |     7 ||    29
       Leather armour    |    12 |     3 ||    15
Dodge: Dodged            |   134 |    35 ||   169

Table legend:
 A = Non-vault XP
 B = Vault XP
 C = Vault XP percentage of total XP
 D = Non-vault monster count
 E = Vault monster count
 F = Vault count percentage of total count
                 A         B        C        D         E       F
            +---------+---------+-------+---------+---------+-------
      Total |     342 |      37 |   9.8 |      54 |       1 |   1.8
            +---------+---------+-------+---------+---------+-------
        D:1 |      34 |       0 |   0.0 |      17 |       0 |   0.0
        D:2 |      56 |       0 |   0.0 |      18 |       0 |   0.0
        D:3 |      92 |      37 |  28.7 |      13 |       1 |   7.1
        D:4 |     160 |       0 |   0.0 |       6 |       0 |   0.0
            +---------+---------+-------+---------+---------+-------
